AoeStats
← Mõõk

Arabia

509903953Analyzed
1v1 RM · 3d ago on Sep 28, 2026· 26m 48s· 2 players
Game mode
Random Map
Map size
Tiny (2 player)
Population
200
Speed
Normal
Resources
Standard
Victory
Conquest
Starting age
Dark Age
Ending age
Imperial Age
RankedLock teamsTeams togetherTeam positionsShared explorationLock speedFull tech treeHidden civsTurbo modeCheats
Victory
Defeat
🇸🇪 Vikings · Sweden
1421
+16
🇪🇪 Celts · Estonia
1419
-16
Mõõk
7:01 Loom
9:52 Feudal Age
10:29 Man-at-Arms
16:52 Fletching
21:11 Castle Age
19:56 Scale Mail Armor
21:23 Padded Archer Armor
22:04 Long Swordsman
23:49 Arson
Ak-guy
7:17 Loom
9:22 Feudal Age
10:06 Double-Bit Axe
12:44 Fletching
24:04 Castle Age
23:04 Horse Collar
23:42 Gold Mining
25:19 Bow Saw
24:31 Crossbowman
25:07 Bodkin Arrow
Connection lost

Rejoining the realm…

Still unreachable

The connection could not be restored.

Session expired

The server has moved on; the page needs a fresh start.